 Dungeon Crawl Stone Soup version 0.27-a0-686-gaed091b46b (webtiles) character file.

Game seed: 2069674026261237114

54 EnegeticOcto the Cutter (level 4, 0/30 HPs)
             Began as a Halfling Fighter on Mar 21, 2021.
             Succumbed to an adder's poison
             ... on level 2 of the Dungeon.
             The game lasted 00:01:29 (257 turns).

EnegeticOcto the Cutter (Halfling Fighter)           Turns: 257, Time: 00:01:30

Health: 0/30       AC:  9    Str: 17    XL:     4   Next: 12%
Magic:  4/4        EV:  8    Int:  7    God:
Gold:   17         SH:  5    Dex: 13    Spells: 3/3 levels left

rFire    . . .     SeeInvis .   a - +0 rapier
rCold    . . .     Faith    .   c - +0 buckler
rNeg     . . .     Spirit   .   g - +0 chain mail
rPois    .         Reflect  .   (no helmet)
rElec    .         Harm     .   (no cloak)
rCorr    .         Rampage  .   (no gloves)
Will     .....                  (no boots)
Stlth    ..........             (no amulet)
HPRegen  0.10/turn              (no ring)
MPRegen  0.09/turn              (no ring)

@: lethally poisoned (0 -> -1)
A: small, no large weapons, mutation resistance 1
a: no special abilities


You were on level 2 of the Dungeon.
You visited 1 branch of the dungeon, and saw 2 of its levels.

You collected 17 gold pieces.

Inventory:

Hand Weapons
 a - a +0 rapier (weapon)
Armour
 b - a +0 scale mail
 c - a +0 buckler (worn)
 g - a +0 chain mail (worn)
   (You found it on level 2 of the Dungeon)
Scrolls
 e - a scroll of summoning {unknown}
 h - a scroll of torment {unknown}
Potions
 d - a potion of might {@q3 !q}
 f - 2 potions of brilliance {unknown}


   Skills:
 - Level 2.6 Fighting
 + Level 5.0 Short Blades
 - Level 3.2 Armour
 - Level 3.2 Shields


You had 3 spell levels left.
You didn't know any spells.
Your spell library was empty.

Dungeon Overview and Level Annotations

Branches:
Dungeon (2/15)

Altars:


Innate Abilities, Weirdness & Mutations

You are small and have problems with some larger weapons.
You are somewhat resistant to further mutation.


Message History

A rat comes into view.
A ball python, an adder and 2 jackals come into view.
The jackal barks!
The adder hisses angrily.
You hear an angry hiss.
A jackal comes into view.
A ball python comes into view.
The jackal moves out of view.
The ball python hisses angrily.
The jackal barks!
You hit the jackal but do no damage.
The jackal bites you but does no damage.
You barely miss the jackal.
A ball python comes into view.
You block the jackal's attack.
An adder comes into view.
You barely miss the jackal. You puncture the jackal!
You kill the jackal!
You closely miss the jackal. The jackal barely misses you.
You hit the jackal.
The jackal is severely wounded.
The jackal bites you but does no damage. x2
You hit the jackal.
You kill the jackal!
The adder closely misses you.
You closely miss the adder. The adder bites you but does no damage.
You hit the adder.
The adder is moderately wounded.
The adder closely misses you.
You closely miss the adder.
The adder is moderately wounded.
The adder bites you but does no damage. x2
You puncture the adder!
The adder is almost dead.
The adder bites you.
You hit the adder.
You kill the adder!
You block the adder's attack.
You barely miss the adder. The adder bites you but does no damage.
You barely miss the adder. You block the adder's attack.
The adder bites you but does no damage.
You puncture the adder!
The adder is severely wounded.
The adder bites you but does no damage.
You miss the adder.
The adder is severely wounded.
The adder bites you.
You are poisoned.
The adder poisons you!
You closely miss the adder.
The adder is severely wounded.
You feel sick. The adder bites you but does no damage.
You block the adder's attack.
You miss the adder.
The adder is severely wounded.
The adder bites you.
* * * LOW HITPOINT WARNING * * *
You closely miss the adder.
The adder is severely wounded.
The adder bites you but does no damage.
You closely miss the adder.
The adder is severely wounded.
You feel sick. You block the adder's attack.
You hit the adder.
You kill the adder!
You have reached level 4!
You completely miss the ball python.
The ball python bites you but does no damage.
The ball python grabs you.
* * * LOW HITPOINT WARNING * * *
The ball python constricts you. You block the ball python's attack.
The ball python constricts you.
You hit the ball python.
You kill the ball python!
You closely miss the jackal.
You feel sick.
The jackal bites you but does no damage.
The jackal completely misses you.
You hit the jackal.
The jackal is heavily wounded.
You block the jackal's attack.
You puncture the jackal!
You kill the jackal!
You closely miss the ball python.
The ball python bites you but does no damage.
The ball python grabs you. The ball python constricts you.
The ball python bites you but does no damage.
* * * LOW HITPOINT WARNING * * *
The ball python constricts you.
You hit the ball python.
You kill the ball python!
You feel sick. You block the ball python's attack. The ball python grabs you.
The ball python constricts you.
You hit the ball python.
The ball python is heavily wounded.
The ball python bites you.
* * * LOW HITPOINT WARNING * * *
The ball python constricts you.
You hit the ball python.
You kill the ball python!
You hit the rat.
You kill the rat!
Your Short Blades skill increases to level 5!
You die...

##..........#
...........
.........
....... .....
... #.# #.#
#@# #.# #.#
#.# #.# #.#
#.# #.# #.#


There were no monsters in sight!

Vanquished Creatures
  3 adders (D:2)
  A worm (D:2)
  A giant cockroach (D:1)
  4 goblins
  2 hobgoblins (D:1)
  6 jackals
  3 ball pythons (D:2)
  A bat (D:1)
  4 rats
25 creatures vanquished.

Vanquished Creatures (others)
  2 fungi (D:2)
2 creatures vanquished.

Grand Total: 27 creatures vanquished

Notes
Turn   | Place    | Note
-------+----------+-------------------------------------------
     0 | D:1      | EnegeticOcto the Halfling Fighter began the quest for the
                  | Orb.
     0 | D:1      | Reached XP level 1. HP: 15/15 MP: 1/1
    54 | D:1      | Reached skill level 3 in Short Blades
    58 | D:1      | Reached XP level 2. HP: 12/20 MP: 2/2
   111 | D:2      | Reached skill level 4 in Short Blades
   111 | D:2      | Reached XP level 3. HP: 10/25 MP: 3/3
   247 | D:2      | Reached XP level 4. HP: 6/30 MP: 4/4
   254 | D:2      | HP: 1/30 [ball python (2)]
   257 | D:2      | Reached skill level 5 in Short Blades
   257 | D:2      | Succumbed to an adder's poison

Illustrated notes

Levels and vault maps discovered:
D:1:      dpeg_arrival_round_b, layout_basic
D:2:      layout_rooms, minmay_shallow_snake_nest

Skill      XL: |  1  2  3  4 |
---------------+-------------+-----
Short Blades   | 3 4 5 |  5.0
Fighting       | |  2.6
Armour         | |  3.2
Shields        | |  3.2

Action                   |  1- 3 |  4- 6 || total
-------------------------+-------+-------++-------
Melee: Rapier            |    93 |    10 ||   103
Armor: Scale mail        |    34 |       ||    34
       Chain mail        |    19 |     4 ||    23
Dodge: Dodged            |    39 |     1 ||    40
Block: Buckler           |    29 |     3 ||    32

Table legend: (Time is in decaauts)
 A = Elapsed time spent in this place.
 B = Non-inter-level travel time spent in this place.
 C = Inter-level travel time spent in this place.
 D = Time resting spent in this place.
 E = Time spent auto-exploring this place.
 F = Levels seen in this place.
 G = Mean time per level.
                   A        B        C        D        E       F      G
               +--------+--------+--------+--------+--------+-----+--------+
         Total |    262 |    260 |      2 |      0 |      0 |   2 |  131.0 |
       Dungeon |    262 |    260 |      2 |      0 |      0 |   2 |  131.0 |
               +--------+--------+--------+--------+--------+-----+--------+

Top non-repeatable levels by time:
     D:2: 140 daAuts
     D:1: 121 daAuts
